 Dungeon Crawl Stone Soup version 0.29.1-12-g30fa7ad0bf (webtiles) character file.

Game seed: 2360428447520833662

102 cdecastro the Changer (level 4, -2/52 HPs)
             Began as a Draconian Transmuter on Jan 14, 2023.
             Splashed by a jelly's acid (3 damage)
             ... on level 4 of the Dungeon.
             The game lasted 00:06:40 (2596 turns).

cdecastro the Changer (Draconian Transmuter)        Turns: 2596, Time: 00:06:40

Health: -2/52      AC: 14    Str: 13    XL:     4   Next: 49%
Magic:  6/7        EV:  2    Int: 15    God:
Gold:   54         SH:  0    Dex: 11    Spells: 4/7 levels left

rFire   . . .      SeeInvis .     - Unarmed
rCold   . . .      Faith    .   (no shield)
rNeg    . . .      Spirit   .   (body armour unavailable)
rPois   +          Reflect  .   (helmet currently unavailable)
rElec   .          Harm     .   (cloak currently unavailable)
rCorr   .          Rampage  .   (gloves currently unavailable)
Will    .....      NoTele   +   (boots currently unavailable)
Stlth   +.........              (no amulet)
HPRegen 0.17/turn               (no ring)
MPRegen 0.10/turn               (no ring)

@: tree-form, corroded
A: stationary, stasis, torment immunity, boosted hp, AC +5, unfitting armour,
(cold-blooded)
a: no special abilities


You were on level 4 of the Dungeon.
You were a tree.
You visited 1 branch of the dungeon, and saw 4 of its levels.

You collected 54 gold pieces.

Inventory:

Missiles
 n - 6 poisoned darts
Wands
 m - a wand of flame (18)
Scrolls
 d - a scroll of butterflies {unknown}
 e - 2 scrolls of teleportation {unknown}
 g - a scroll of noise {unknown}
 h - 2 scrolls of identify {unknown}
 k - a scroll of acquirement {unknown}
 o - a scroll of poison {unknown}
Potions
 b - 2 potions of might {unknown}
 c - a potion of resistance {unknown}
 f - a potion of ambrosia {unknown}
 i - a potion of magic {unknown}
 j - a potion of degeneration {unknown}
 l - a potion of flight {unknown}


   Skills:
 - Level 1.1 Fighting
 - Level 1.7 Dodging
 - Level 3.0 Unarmed Combat
 - Level 2.0 Spellcasting
 + Level 4.8 Transmutations


You had 4 spell levels left.
You knew the following spells:

 Your Spells              Type           Power      Damage    Failure   Level
a - Beastly Appendage     Tmut           32%        N/A       3%          1
b - Wereblood             Tmut           16%        N/A       4%          2

Your spell library contained the following spells:

 Spells                   Type           Power      Damage    Failure   Level
 Spider Form              Tmut/Pois      8%         N/A       24%         3
 Ice Form                 Ice/Tmut       8%         N/A       63%         4
 Summon Forest            Summ/Tloc      0%         N/A       99%         5
 Summon Mana Viper        Hex/Summ       1%         N/A       99%         5
 Summon Cactus Giant      Summ           0%         N/A       100%        6


Dungeon Overview and Level Annotations

Branches:
Dungeon (4/15)
 Temple: D:4-7

Altars:

Shops:
D:3 (

Annotations:
D:3 Natasha, Sigmund


Innate Abilities, Weirdness & Mutations

You are a tree.
Your roots penetrate the ground, keeping you stationary.
You cannot be teleported.
You are immune to unholy pain and torment.
Your maximum health is greatly increased.
Your equipment is partially melded.
((Your plain brown scales are hard. (AC +5)))
You cannot fit into any form of body armour.
((You are cold-blooded and may be slowed by cold attacks.))


Message History

You barely miss the kobold. You punch the kobold.
You kill the kobold!
You see here a +0 dagger.
Magic restored.
Your transformation is almost over.
A jelly comes into view.
A jelly is nearby!
A jelly is nearby!
A jelly is nearby!
Your horns disappear.
Your talons disappear.
Casting: Beastly Appendage (safe; 3% risk of failure)
Press: ? - help, Q - select action, (/) - cycle Dir - look around, f - activate You grow a pair of large bovine horns.
Your feet morph into talons.
Unknown command.
You hit the jelly but do no damage. The acid corrodes you!
Your hands burn!
You claw the jelly.
You tail-slap the jelly, but do no damage.
You punch the jelly, but do no damage.
The jelly is lightly wounded.
The jelly hits you.
You are splashed with acid!
You hit the jelly.
Your hands burn!
* * * LOW HITPOINT WARNING * * *
You claw the jelly, but do no damage.
The jelly is lightly wounded.
The jelly hits you.
* * * LOW HITPOINT WARNING * * *
The acid corrodes you!
You are splashed with acid!
* * * LOW HITPOINT WARNING * * *
You hit the jelly but do no damage.
Your hands burn!
* * * LOW HITPOINT WARNING * * *
The jelly is lightly wounded.
The jelly closely misses you.
Unknown command.
Really quaff the potion of lignification?
Your horns disappear.
Your talons disappear.
You turn into a tree.
Your roots penetrate the ground.
The jelly hits you but does no damage.
Unknown command.
You smack the jelly!
Your branches burn!
You die...

###....##
#.......#
#..#####..## ##
##..# #..## ##..#
. #..## ...
###...###.....
#....♣J.......
#......##........
..########.......
# .###### .# ##


You could see a jelly.

Vanquished Creatures
  Natasha (D:3)
  An adder (D:3)
  A worm (D:2)
  A dart slug (D:1)
  8 ball pythons
  8 endoplasms
  4 giant cockroaches
  8 hobgoblins
  2 jackals (D:4)
  5 kobolds
  3 quokkas
  5 bats
  3 frilled lizards
  4 goblins
  4 rats
58 creatures vanquished.

Notes
Turn   | Place    | Note
-------+----------+-------------------------------------------
     0 | D:1      | cdecastro the Draconian Transmuter began the quest for the
                  | Orb.
     0 | D:1      | Reached XP level 1. HP: 16/16 MP: 3/3
   207 | D:1      | Reached XP level 2. HP: 20/23 MP: 3/5
   523 | D:1      | Reached skill level 3 in Transmutations
  1058 | D:1      | Reached XP level 3. HP: 28/28 MP: 4/6
  1746 | D:2      | Reached skill level 4 in Transmutations
  1773 | D:2      | Found a faded altar of an unknown god.
  1862 | D:3      | Found Vefo Puf's Antique Weapon Shoppe.
  1933 | D:3      | Noticed Sigmund
  2077 | D:3      | Noticed Natasha
  2093 | D:3      | Reached XP level 4. HP: 34/35 MP: 5/7
  2106 | D:3      | Killed Natasha
  2280 | D:3      | Learned a level 2 spell: Wereblood
  2325 | D:3      | Noticed Natasha
  2594 | D:4      | HP: 1/35 [acid (5)]
  2596 | D:4      | Splashed by a jelly's acid

Illustrated notes

Levels and vault maps discovered:
D:1:      minmay_arrival_diagonal_passages, layout_loops_corners,
          dreamdust_mushroom_princess
D:2:      layout_loops_ring, basic_ecumenical_altar
D:3:      layout_rooms, serial_shops, shop, grunt_decor_clamped, uniq_ijyb,
          uniq_sigmund, uniq_natasha
D:4:      minmay_angry_zag, layout_layer_cave, uniq_duvessa

Skill      XL: |  1  2  3 |
---------------+----------+-----
Transmutations | 3 4 |  4.8
Fighting       | |  1.1
Dodging        | |  1.7
Unarmed Combat | |  3.0
Spellcasting   | |  2.0

Action                   |  1- 3 |  4- 6 || total
-------------------------+-------+-------++-------
Melee: Unarmed           |   127 |    39 ||   166
       Kick              |    20 |     7 ||    27
       Headbutt          |    10 |     3 ||    13
       Tailslap          |    11 |     5 ||    16
       Punch             |     2 |     4 ||     6
 Cast: Beastly Appendage |    32 |     5 ||    37
  Use: Potion            |       |     1 ||     1
 Stab: Sleeping          |     1 |       ||     1
Armor: Skin              |    38 |    20 ||    58
Dodge: Dodged            |    83 |    42 ||   125
